Map: Blackpink LE

Players

HeRoMaRinE - Winner!

  • Race: Terran Terran
  • Spawn Location: 1:00

Kelazhur

  • Race: Terran Terran
  • Spawn Location: 7:00

Event: IEM Season 12 - Katowice

VOD

Have the link to the VOD?

Description

Time

  • Played on: Feb. 27, 2018, 6:08 a.m.
  • Length: 7:07

All games in this series

Show
View Real Time Build Order
Export as new Build Order

HeRoMaRinE Terran - Winner!

Build Orders: Cyclone Opening 

Get SALT Encoding   

  12  0:00  SCV  
  13  0:12  SCV  
  14  0:19  Supply Depot  
  14  0:24  SCV  
  15  0:28  Refinery  
  15  0:41  SCV  
  16  0:45  Barracks  
  16  0:53  SCV  
  17  1:05  SCV  
  18  1:17  SCV  
  19  1:32  Reaper, Orbital Command  
  20  1:52  Bunker  
  20  1:53  Factory  
  20  1:58  SCV  
  20  2:00  Supply Depot  
  21  2:05  Marine  
  22  2:10  SCV  
  23  2:16  Refinery  
  23  2:22  SCV, Marine  
  24  2:35  SCV  
  25  2:37  Cyclone  
  25  2:40  Marine  
  25  2:43  Supply Depot  
  29  2:47  SCV  
  29  2:59  SCV  
  30  3:07  Starport  
  30  3:09  Cyclone  
  30  3:11  SCV  
  33  3:23  SCV  
  34  3:28  Barracks Tech Lab  
  35  3:42  Command Center  
  35  3:45  SCV  
  34  3:57  SCV, Raven  
  37  4:06  Supply Depot  
  38  4:10  SCV  
  38  4:19  Supply Depot  
  39  4:24  Cyclone  
  39  4:27  SCV  
  41  4:39  SCV  
  41  4:40  Barracks Reactor  
  44  4:51  SCV  
  43  4:55  Orbital Command  
  43  5:03  Viking  
  43  5:04  SCV  
  43  5:07  Siege Tank  
  48  5:14  Orbital Command  
  48  5:16  SCV  
  48  5:20  Marine x2  
  51  5:28  SCV  
  51  5:32  Viking  
  54  5:39  Siege Tank, Marine x2  
  54  5:40  SCV, Refinery  
  60  5:45  SCV  
  61  5:52  SCV  
  62  5:57  SCV, Marine x2  
  62  6:01  Supply Depot  
  65  6:04  Viking, SCV  
  65  6:09  SCV  
  69  6:15  Supply Depot  
  69  6:17  SCV  
  70  6:22  Marine x2  
  70  6:23  Siege Tank  
  75  6:27  SCV  
  75  6:29  SCV  
  77  6:37  Viking  
  77  6:39  SCV  
  80  6:40  Marine x2  
  80  6:41  SCV  
  83  6:50  Barracks  
  83  6:53  Barracks  
Show
View Real Time Build Order
Export as new Build Order

Kelazhur Terran 

Build Orders:  

Get SALT Encoding   

  12  0:00  SCV  
  13  0:12  SCV  
  14  0:18  Supply Depot  
  14  0:26  SCV  
  15  0:40  Barracks  
  15  0:44  Refinery  
  15  0:58  Barracks  
  15  1:01  SCV  
  16  1:09  Refinery  
  16  1:13  SCV  
  17  1:27  Reaper  
  18  1:33  Orbital Command  
  18  1:45  Reaper  
  19  1:59  SCV, Reaper  
  21  2:08  Factory  
  21  2:15  Supply Depot  
  21  2:21  SCV  
  22  2:33  SCV  
  22  2:37  Reaper  
  24  2:45  SCV  
  26  2:59  SCV  
  27  3:09  Cyclone, Reaper  
  31  3:13  Supply Depot, Starport  
  30  3:20  SCV  
  31  3:34  SCV  
  32  3:41  Cyclone  
  32  3:48  Command Center  
  35  3:55  Viking  
  37  4:01  Supply Depot  
  37  4:06  SCV  
  38  4:18  SCV  
  38  4:23  Cyclone  
  42  4:30  Viking  
  44  4:31  SCV  
  44  4:46  Command Center  
  44  4:48  SCV  
  46  5:02  Orbital Command  
  46  5:03  Factory Reactor  
  46  5:05  Cyclone, Starport Reactor  
  48  5:08  SCV  
  49  5:20  SCV  
  49  5:21  Refinery x2  
  50  5:27  Engineering Bay  
  50  5:29  SCV  
  50  5:32  SCV  
  52  5:41  SCV  
  53  5:42  Armory  
  53  5:44  SCV  
  53  5:50  Factory  
  53  5:53  SCV  
  53  5:56  SCV  
  55  6:00  Orbital Command  
  56  6:05  SCV  
  56  6:07  Factory  
  56  6:08  Starport Tech Lab  
  56  6:09  SCV  
  56  6:17  SCV  
  57  6:21  Barracks Tech Lab  
  57  6:22  Missile Turret, SCV  
  58  6:25  SCV  
  58  6:29  Cyclone x2  
  63  6:35  Starport Reactor  
  63  6:37  SCV  
  63  6:38  SCV  
  63  6:39  SCV  
  63  6:49  SCV  

Tags
 
Add a new tag
Caveats
  • Supply blocks, unpowered buildings, or Contaminate may cause inaccurate times.
  • Supply counts are checked every 10 seconds.